 Dungeon Crawl Stone Soup version 0.19.1 (webtiles) character file.

89 Dolanko the Bolt Thrower (level 4, 0/27 HPs)
             Began as a Kobold Hunter on Dec 28, 2016.
             Was an Initiate of Makhleb.
             Slain by Robin
             ... wielding a +0 mace
              (6 damage)
             ... on level 3 of the Dungeon.
             The game lasted 00:04:02 (1874 turns).

Dolanko the Bolt Thrower (Kobold Hunter)            Turns: 1874, Time: 00:04:02

Health: 0/27       AC:  5    Str:  9    XL:     4   Next: 84%
Magic:  4/4        EV: 16    Int: 12    God:    Makhleb [......]
Gold:   109        SH:  0    Dex: 16    Spells: 0 memorised, 3 levels left

rFire  . . .     SeeInvis .     b - +0 short sword
rCold  . . .     Gourm    .     c - +0 leather armour
rNeg   . . .     Faith    .     (shield restricted)
rPois  .         Spirit   .     (no helmet)
rElec  .         Reflect  .     (no cloak)
rCorr  .         Harm     .     p - +0 pair of gloves
MR     .....                    e - +0 pair of boots
Stlth  ++........               (no amulet)
                                (no ring)
                                (no ring)

@: no status effects
A: carnivore 3
a: Renounce Religion


You were on level 3 of the Dungeon.
You worshipped Makhleb.
Makhleb was noncommittal.
You were very full.

You visited 1 branch of the dungeon, and saw 3 of its levels.

You collected 109 gold pieces.

Inventory:

Hand Weapons
 a - a +1 hand crossbow
 b - a +0 short sword (weapon)
Missiles
 d - 27 bolts
 o - 2 exploding tomahawks (quivered)
Armour
 c - a +0 leather armour (worn)
 e - a +0 pair of boots (worn)
 p - a +0 pair of gloves (worn)
Scrolls
 k - a scroll of enchant armour {unknown}
 l - a scroll of identify {unknown}
 n - a scroll of remove curse {unknown}
Potions
 g - a potion of flight {unknown}
 i - a potion of degeneration {unknown}
 j - a potion of might {unknown}
Comestibles
 f - 2 meat rations
 m - a beef jerky


   Skills:
 + Level 2.9 Fighting
 + Level 1.8 Short Blades
 * Level 5.7 Crossbows
 + Level 3.6 Dodging
 - Level 1.3 Stealth


You had 3 spell levels left.
You didn't know any spells.

Dungeon Overview and Level Annotations

Branches:
Dungeon (3/15)

Altars:
Makhleb

Annotations:
D:3 Robin


Innate Abilities, Weirdness & Mutations

You are small and have problems with some larger weapons.
You are carnivorous and can eat meat at any time.


Message History

The hobgoblin misses you. The goblin hits you with a dagger.
* * * LOW HITPOINT WARNING * * *
You feel better.
Robin says, "A pitiful Kobold like you will never find the ORB!"
Robin roars a battlecry!
The hobgoblin completely misses you. The goblin hits you with a dagger.
* * * LOW HITPOINT WARNING * * *
You hear a shout!
A hobgoblin comes into view. It is wielding a club.
You hit the hobgoblin.
You kill the hobgoblin!
Makhleb accepts your kill. The goblin closely misses you.
You closely miss the goblin.
The goblin is heavily wounded.
Robin hits you but does no damage. The goblin closely misses you.
You hit the goblin.
The goblin is severely wounded.
Robin hits you with a mace.
You die...

..... ...# .... ..(#
..g gg.# ###.. ...
... .. #.# .#
..########.######(#
...?.gg@ggg......>#
...#######.########
#.# #.# #.#
######)#############
.....................
...####.#####........
#.# #.#######


You could see Robin, 2 hobgoblins and 2 goblins.

Vanquished Creatures
  3 adders
  A worm (D:2)
  2 dart slugs
  A leopard gecko (D:1)
  A giant cockroach (D:1)
  14 goblins
  7 hobgoblins
  4 jackals (D:2)
  A ball python (D:2)
  5 bats
  2 frilled lizards
  5 kobolds
  6 rats
52 creatures vanquished.

Notes
Turn   | Place    | Note
-------+----------+-------------------------------------------
     0 | D:1      | Dolanko the Kobold Hunter began the quest for the Orb.
     0 | D:1      | Reached XP level 1. HP: 12/12 MP: 1/1
   121 | D:1      | Reached skill level 5 in Crossbows
   135 | D:1      | Reached skill level 1 in Short Blades
   135 | D:1      | Reached XP level 2. HP: 17/17 MP: 2/2
   525 | D:1      | Reached XP level 3. HP: 22/22 MP: 3/3
   779 | D:1      | Found a burning altar of Makhleb.
   813 | D:1      | Became a worshipper of Makhleb the Destroyer
  1132 | D:2      | Reached XP level 4. HP: 27/27 MP: 4/4
  1848 | D:3      | Noticed Robin
  1874 | D:3      | Slain by Robin

Skill      XL: |  1  2  3 |
---------------+----------+-----
Crossbows      | 5 |  5.7
Short Blades   | 1 |  1.8
Dodging        | 3 |  3.6
Fighting       | |  2.9
Stealth        | |  1.3

Action                   |  1- 3 |  4- 6 || total
-------------------------+-------+-------++-------
Melee: Short sword       |       |    18 ||    18
 Fire: Hand crossbow     |    70 |    40 ||   110
Throw: Tomahawk          |       |     3 ||     3
  Use: Potion            |       |     2 ||     2
  Eat: Chunk             |     9 |     1 ||    10
Armor: Leather armour    |     5 |    16 ||    21
Dodge: Dodged            |    16 |    47 ||    63
